[Event "Titled Tuesday Blitz June 21 Late 2022"]
[White "Vu, Bui Thi Thanh Van"]
[Black "Koutlas, Nikolaos"]
[WhiteFideId "12408921"]
[BlackFideId "25827138"]
[WhiteElo "1602"]
[BlackElo "1738"]
[Result "1-0"]
[Round "02"]
[TimeControl "180+1"]
[Date "2022.06.22"]
[WhiteClock "0:00:14"]
[BlackClock "0:01:10"]

1. d4 d6 2. Nf3 g6 3. e4 Bg7 4. Bd3 e5 5. c3 Ne7 6. O-O O-O 7. Re1 Nbc6 8. d5 Nb8 9. c4 a5 10. b3 Na6 11. a3 f5 12. Bd2 Nc5 13. Bc2 fxe4 14. Ng5 Bf5 15. Nc3 Nd3 16. Rf1 c6 17. Ncxe4 cxd5 18. Bxd3 dxe4 19. Bxe4 Qd7 20. Bc3 h6 21. Bxf5 Qxf5 22. Nf3 Rfd8 23. Qe2 Rd7 24. Rad1 Nc6 25. Rd5 Ne7 26. Rd2 e4 27. Nd4 Qg5 28. Ne6 Bxc3 29. Nxg5 Bxd2 30. Qxd2 hxg5 31. Qxg5 Kf7 32. f3 e3 33. Qxe3 Nf5 34. Qe4 Kg7 35. Rd1 Re7 36. Qd3 Rae8 37. g4 Nh4 38. Qd4+ Kh7 39. Qf6 g5 40. Rxd6 Re1+ 41. Kf2 R8e2+ 42. Kg3 Rg2+ 43. Kh3 Rg3+ 44. Kxg3 Rg1+ 45. Kh3 Rg3+ 46. Kxg3 1-0


[Site "https://www.chess.com"]

[Event "Titled Tuesday Blitz June 21 Late 2022"]
[White "Weisz, Bryan"]
[Black "Fiol, Fabrice"]
[WhiteFideId "30934133"]
[BlackFideId "611670"]
[WhiteElo "2233"]
[BlackElo "2481"]
[Result "1-0"]
[Round "02"]
[TimeControl "180+1"]
[Date "2022.06.22"]
[WhiteClock "0:02:24"]
[BlackClock "0:01:29"]

1. e4 c5 2. Nf3 e6 3. d4 cxd4 4. Nxd4 a6 5. Bd3 Nc6 6. Nxc6 dxc6 7. O-O e5 8. Nd2 Nf6 9. Nc4 Qc7 10. Bg5 Be6 11. f4 Bc5+ 12. Kh1 Ng4 13. f5 Bxc4 14. Qxg4 Bxd3 15. cxd3 f6 16. Bh4 O-O-O 17. Rfc1 Be3 18. Qe2 Bxc1 19. Rxc1 Qa5 20. b4 Qb5 21. Rc4 Rd7 22. Qc2 Rhd8 23. a4 Rd4 24. axb5 Rxd3 25. h3 1-0


[Site "https://www.chess.com"]

[Event "Titled Tuesday Blitz June 21 Late 2022"]
[White "Yedidia, Daniel"]
[Black "Urbina Perez, Juan Antonio"]
[WhiteFideId "30905907"]
[BlackFideId "2217368"]
[WhiteElo "2602"]
[BlackElo "2192"]
[Result "0-1"]
[Round "02"]
[TimeControl "180+1"]
[Date "2022.06.22"]
[WhiteClock "0:00:05"]
[BlackClock "0:00:53"]

1. d4 d5 2. c4 c6 3. Nf3 Nf6 4. Nc3 a6 5. e3 Bf5 6. Be2 e6 7. O-O h6 8. c5 Be7 9. b4 O-O 10. a4 Nbd7 11. Bb2 Qc7 12. h3 Rfe8 13. b5 axb5 14. axb5 Ne4 15. Nxe4 Bxe4 16. b6 Qb8 17. Qb3 Rxa1 18. Rxa1 Bf6 19. Ra7 e5 20. Nd2 exd4 21. exd4 Bxg2 22. Bg4 Bxh3 23. Bxh3 Qf4 24. Bxd7 Re1+ 25. Nf1 Bh4 26. Ra8+ Kh7 27. Qc2+ g6 28. Bh3 Qg5+ 29. Bg2 Qg4 30. f3 Qe6 31. Bc3 Re2 32. Qd3 Bf2+ 33. Kh1 Qe7 34. Ra1 Qh4+ 35. Nh2 Bg3 36. Kg1 Qxh2+ 37. Kf1 Qxg2# 0-1


[Site "https://www.chess.com"]

[Event "Titled Tuesday Blitz June 21 Late 2022"]
[White "Yoo, Christopher Woojin"]
[Black "Saveliev, Alexei"]
[WhiteFideId "30909694"]
[BlackFideId "24128546"]
[WhiteElo "2105"]
[BlackElo "2281"]
[Result "1-0"]
[Round "02"]
[TimeControl "180+1"]
[Date "2022.06.21"]
[WhiteClock "0:00:07"]
[BlackClock "0:00:04"]

1. e4 g6 2. d4 Bg7 3. c3 d6 4. Bd3 Nc6 5. Nf3 e5 6. dxe5 Nxe5 7. Nxe5 dxe5 8. O-O Nf6 9. Bg5 O-O 10. Qe2 h6 11. Bh4 c6 12. Nd2 Qc7 13. Rfd1 Be6 14. Bc4 Bxc4 15. Nxc4 Nh5 16. Qg4 b5 17. Rd7 Qc8 18. Nd6 f5 19. Nxc8 fxg4 20. Ne7+ Kh7 21. Nxc6 a6 22. Nxe5 Rae8 23. Nxg4 Rxe4 24. h3 g5 25. Bg3 Nxg3 26. fxg3 Re2 27. Rf1 Rxf1+ 28. Kxf1 Rxb2 29. Ne3 Kg8 30. Nf5 Bxc3 31. Nxh6+ Kf8 32. a3 a5 33. Nf7 b4 34. axb4 a4 35. Ra7 Rxb4 36. Nxg5 Bb2 37. Ne6+ Kg8 38. g4 a3 39. g5 Re4 40. Nc5 Re5 41. Nd3 Rf5+ 42. Ke2 Rxg5 43. Kf3 Rd5 44. Nxb2 axb2 45. Rb7 Rd2 46. g4 Rd3+ 47. Kg2 Rd2+ 48. Kg3 Kf8 49. g5 Ke8 50. h4 Kd8 51. Kg4 Kc8 52. Rb3 Kd7 53. g6 Ke6 54. Rb6+ Ke5 55. Kh5 Rg2 56. Kh6 Kf5 57. h5 Rg1 58. g7 Rg4 59. Rxb2 Ke5 60. Rb6 Kd5 61. Rg6 Rh4 62. g8=Q+ Ke5 63. Qe6+ Kf4 64. Qf6+ Ke4 65. Qxh4+ Kf3 66. Rg3+ Kf2 67. Qh2+ Kf1 68. Rg1# 1-0


[Site "https://www.chess.com"]

[Event "Titled Tuesday Blitz June 21 Late 2022"]
[White "Yuan, Qingyu"]
[Black "Mickiewicz, Piotr"]
[WhiteFideId "8609772"]
[BlackFideId "1114891"]
[WhiteElo "2359"]
[BlackElo "2209"]
[Result "1-0"]
[Round "02"]
[TimeControl "180+1"]
[Date "2022.06.22"]
[WhiteClock "0:00:15"]
[BlackClock "0:00:28"]

1. e4 c5 2. Nf3 e6 3. b3 Nc6 4. Bb2 a6 5. c4 d6 6. d4 cxd4 7. Nxd4 Nf6 8. Bd3 Be7 9. O-O O-O 10. Nxc6 bxc6 11. e5 dxe5 12. Bxe5 Nd7 13. Bb2 Bf6 14. Nc3 c5 15. Qc2 h6 16. Be4 Rb8 17. Rad1 Qc7 18. Na4 Bxb2 19. Qxb2 Nf6 20. Bf3 Bd7 21. Nc3 Bc6 22. Bxc6 Qxc6 23. Rd3 Rfd8 24. Rfd1 Rxd3 25. Rxd3 Rb7 26. h3 Rd7 27. Qd2 Rxd3 28. Qxd3 Qd7 29. Qxd7 Nxd7 30. Kf1 Kf8 31. Ke2 Ke7 32. Ke3 f5 33. a3 g5 34. b4 Kd6 35. f4 Nb6 36. fxg5 Nxc4+ 37. Kf4 hxg5+ 38. Kxg5 Nxa3 39. bxc5+ Kxc5 40. h4 Kc4 41. h5 Kxc3 42. h6 Nc4 43. h7 1-0


[Site "https://www.chess.com"]

[Event "Titled Tuesday Blitz June 21 Late 2022"]
[White "Zanette, Edgard Vinicius"]
[Black "Mikhailov, Viacheslav"]
[WhiteFideId "2109263"]
[BlackFideId "4187369"]
[WhiteElo "2182"]
[BlackElo "2381"]
[Result "0-1"]
[Round "02"]
[TimeControl "180+1"]
[Date "2022.06.22"]
[WhiteClock "0:00:22"]
[BlackClock "0:01:26"]

1. e4 d6 2. d4 Nf6 3. Nc3 g6 4. f3 Bg7 5. Be3 O-O 6. Qd2 e5 7. Nge2 exd4 8. Nxd4 Nc6 9. O-O-O a6 10. h4 Nxd4 11. Bxd4 b5 12. Nd5 Be6 13. Nxf6+ Bxf6 14. h5 c5 15. Bxf6 Qxf6 16. Kb1 Rad8 17. Be2 d5 18. hxg6 fxg6 19. Qh6 Qg7 20. exd5 Qxh6 21. Rxh6 Bxd5 22. a3 Kg7 23. Rhh1 Rfe8 24. Rhe1 h5 25. Kc1 h4 26. Bf1 Bf7 27. Rxe8 Rxe8 28. Kd2 Rd8+ 29. Ke1 Rxd1+ 30. Kxd1 Kf6 31. Kd2 Ke5 32. Ke3 g5 33. Bd3 Bd5 34. c3 g4 35. Be2 g3 36. f4+ Kf5 37. Bf3 Bxf3 38. Kxf3 c4 39. Ke3 Kg4 40. Ke4 h3 41. gxh3+ Kxh3 42. f5 g2 43. f6 g1=Q 0-1


[Site "https://www.chess.com"]

[Event "Titled Tuesday Blitz June 21 Late 2022"]
[White "Zhu, Jiner"]
[Black "Jobava, Baadur"]
[WhiteFideId "8608059"]
[BlackFideId "13601520"]
[WhiteElo "2281"]
[BlackElo "2617"]
[Result "0-1"]
[Round "02"]
[TimeControl "180+1"]
[Date "2022.06.21"]
[WhiteClock "0:00:23"]
[BlackClock "0:01:57"]

1. e4 e6 2. d4 d5 3. Nc3 dxe4 4. Nxe4 Bd7 5. Nf3 Bc6 6. Bd3 Nd7 7. O-O Ngf6 8. Ned2 g6 9. Nc4 Bg7 10. Nce5 O-O 11. Nxc6 bxc6 12. Re1 c5 13. c3 Rb8 14. Qe2 Qe7 15. Bg5 h6 16. Bh4 Qd6 17. Ne5 cxd4 18. Rad1 Qxe5 19. Qxe5 Nxe5 20. Rxe5 Nd5 21. Ree1 dxc3 22. bxc3 Nxc3 23. Rd2 Nd5 24. Rc1 h5 25. Rdd1 Be5 26. Be4 Nc3 27. Re1 Nxe4 28. Rxe4 Bd6 29. Bf6 Rb5 30. h3 Rfb8 31. g4 hxg4 32. hxg4 Rb4 33. Rxb4 Rxb4 34. g5 Kf8 35. Kg2 Ke8 36. Rh1 e5 37. Re1 Kd7 38. Bxe5 Rg4+ 39. Kf3 Rxg5 40. Bd4 Ra5 41. Re2 Ra3+ 42. Kg2 c5 43. Be3 c4 44. Rc2 a5 45. Kf3 Bb4 46. Ke4 Ke6 47. Kd4 c3 48. Kc4 Bd6 49. Kb5 Kd5 50. Bb6 Ke4 51. Be3 Kd3 52. Rc1 c2 0-1


[Site "https://www.chess.com"]

[Event "Titled Tuesday Blitz June 21 Late 2022"]
[White "Zhurbinsky, David"]
[Black "Flynn, Jacob"]
[WhiteFideId "2072904"]
[BlackFideId "2509393"]
[WhiteElo "2540"]
[BlackElo "1896"]
[Result "1-0"]
[Round "02"]
[TimeControl "180+1"]
[Date "2022.06.22"]
[WhiteClock "0:00:16"]
[BlackClock "0:00:18"]

1. e4 e5 2. Nf3 Nc6 3. Bb5 a6 4. Ba4 Nf6 5. O-O Be7 6. Re1 b5 7. Bb3 O-O 8. h3 Bb7 9. c3 d6 10. d4 Re8 11. Ng5 Rf8 12. Nf3 Re8 13. Nbd2 Bf8 14. Nf1 h6 15. Ng3 exd4 16. cxd4 Na5 17. Bc2 c5 18. Bf4 Nc4 19. b3 Nb6 20. dxc5 dxc5 21. Qxd8 Raxd8 22. Bc7 Nbd7 23. Bxd8 Rxd8 24. Rad1 Re8 25. Nf5 Re6 26. b4 c4 27. N3d4 Re8 28. a3 Ne5 29. f4 Nd3 30. Bxd3 cxd3 31. e5 Nd5 32. g3 d2 33. Rxd2 g6 34. Ne3 Nb6 35. Ng4 Rc8 36. Nf6+ Kg7 37. f5 Rc3 38. Kh2 Nc4 39. Ne8+ Kg8 40. Rf2 g5 41. e6 Ne3 42. f6 fxe6 43. f7+ Kh7 44. Nxe6 Be7 45. f8=Q Bxf8 46. Nxf8+ Kg8 47. Ng6 h5 48. Ne7+ Kh7 49. Rf7+ Kh6 50. Ng8+ Kg6 51. Rg7+ Kf5 52. Nd6+ Ke6 53. Nxb7 Rc2+ 54. Kg1 Rg2+ 55. Kh1 Rxg3 56. Rxe3+ Rxe3 57. Re7+ Kf5 58. Rxe3 g4 59. hxg4+ Kf4 60. Re1 hxg4 61. Rg1 g3 62. Kg2 Ke3 63. Nh6 Kd3 64. Nc5+ Kc3 65. Nxa6 Kb3 66. Nc7 Ka4 67. Nxb5 Kb3 68. Nd6 Ka4 69. Kxg3 Kb3 70. b5 Ka4 71. b6 Kb3 72. b7 Ka4 73. b8=Q Ka5 74. Qb5# 1-0


[Site "https://www.chess.com"]

[Event "Titled Tuesday Blitz June 21 Late 2022"]
[White "Zlatin, Alexander"]
[Black "Vasquez Schroeder, Rodrigo"]
[WhiteFideId "2810549"]
[BlackFideId "3400042"]
[WhiteElo "2228"]
[BlackElo "2567"]
[Result "0-1"]
[Round "02"]
[TimeControl "180+1"]
[Date "2022.06.22"]
[WhiteClock "0:00:44"]
[BlackClock "0:01:27"]

1. d4 Nf6 2. Nc3 d6 3. Bf4 Nbd7 4. Nf3 c5 5. e3 a6 6. a4 g6 7. Be2 Bg7 8. O-O b6 9. Re1 Bb7 10. Ng5 O-O 11. Bf3 d5 12. dxc5 Nxc5 13. Be5 e6 14. Nh3 Qe7 15. Qd4 Ncd7 16. Bxf6 Bxf6 17. Qd2 Ne5 18. Be2 Rac8 19. Nf4 Nc4 20. Bxc4 Rxc4 21. Nd1 d4 22. e4 Rfc8 23. Rc1 Qc7 24. c3 Bg5 25. h4 Bxf4 0-1


[Site "https://www.chess.com"]

[Event "Titled Tuesday Blitz June 21 Late 2022"]
[White "Adewumi, Tanitoluwa"]
[Black "Needleman, Alejandro"]
[WhiteFideId "30966396"]
[BlackFideId "100730"]
[WhiteElo "2526"]
[BlackElo "2306"]
[Result "1-0"]
[Round "03"]
[TimeControl "180+1"]
[Date "2022.06.22"]
[WhiteClock "0:00:13"]
[BlackClock "0:00:20"]

1. e4 c5 2. Nf3 e6 3. d4 cxd4 4. Nxd4 Nc6 5. Nc3 Qc7 6. Be3 a6 7. Qf3 Ne5 8. Qg3 h5 9. Bf4 d6 10. O-O-O h4 11. Qe3 Nf6 12. h3 b5 13. Kb1 Bb7 14. f3 Be7 15. Bh2 O-O 16. Nb3 Rfc8 17. Bd3 b4 18. Na4 Nxd3 19. cxd3 Bd8 20. Nac5 Bc6 21. d4 a5 22. Rc1 a4 23. Nd2 Qb6 24. Bxd6 e5 25. Bxe5 Nd7 26. Nxd7 Bxd7 27. Rxc8 Rxc8 28. Rc1 Rxc1+ 29. Kxc1 a3 30. b3 Qg6 31. Qf2 Bb5 32. f4 Qc6+ 33. Kd1 Qc3 34. d5 Qd3 35. Qf3 f6 36. Qxd3 Bxd3 37. Bd4 Be7 38. Ke1 g5 39. fxg5 fxg5 40. Kf2 Kf7 41. Ke3 Bb5 42. e5 Kg6 43. Ne4 Kf5 44. e6 Bf1 45. d6 Kxe6 46. dxe7 Kxe7 47. Nxg5 Bxg2 48. Kf2 Bd5 49. Bc5+ Kf6 50. Nf3 Kf5 51. Bxb4 Bxb3 52. axb3 a2 53. Bc3 Kf4 54. Ba1 Kf5 55. Nxh4+ Kf4 56. Nf3 Ke4 57. h4 Kd3 58. h5 Kc2 59. h6 Kb1 60. h7 Kxa1 61. h8=Q+ Kb1 62. b4 a1=Q 63. Qxa1+ Kxa1 64. b5 Kb2 65. b6 Kc3 66. b7 1-0


[Site "https://www.chess.com"]

[Event "Titled Tuesday Blitz June 21 Late 2022"]
[White "Altman, Joshua"]
[Black "Kosakowski, Jakub"]
[WhiteFideId "426210"]
[BlackFideId "1185080"]
[WhiteElo "1945"]
[BlackElo "2476"]
[Result "0-1"]
[Round "03"]
[TimeControl "180+1"]
[Date "2022.06.21"]
[WhiteClock "0:00:07"]
[BlackClock "0:00:46"]

1. d4 e6 2. c4 b6 3. Nf3 Bb7 4. g3 Nf6 5. Bg2 Be7 6. O-O O-O 7. Nc3 Ne4 8. Bd2 Nxc3 9. Bxc3 f5 10. Rc1 Bf6 11. d5 Na6 12. Nd4 exd5 13. cxd5 Nc5 14. Bb4 Bxd4 15. Qxd4 d6 16. Bc3 Qe7 17. Rfe1 Rae8 18. b4 Ne4 19. Bb2 Rf7 20. f3 Nf6 21. e4 fxe4 22. fxe4 Ng4 23. h3 Ne5 24. Rf1 Ref8 25. Rxf7 Rxf7 26. Qe3 Ba6 27. Bxe5 Qxe5 28. Qa3 Qd4+ 29. Kh2 Qd2 30. Rg1 Bd3 31. Qc1 Rf2 32. Qxc7 h6 33. Qc8+ Kh7 34. Qc1 Rxg2+ 0-1


[Site "https://www.chess.com"]

[Event "Titled Tuesday Blitz June 21 Late 2022"]
[White "Ambartsumova, Karina"]
[Black "Zhou, Qiyu"]
[WhiteFideId "4166299"]
[BlackFideId "505161"]
[WhiteElo "2262"]
[BlackElo "1925"]
[Result "1-0"]
[Round "03"]
[TimeControl "180+1"]
[Date "2022.06.22"]
[WhiteClock "0:00:27"]
[BlackClock "0:00:06"]

1. d4 Nf6 2. Nf3 d5 3. c4 e6 4. Nc3 Be7 5. Bf4 O-O 6. e3 b6 7. Rc1 c5 8. cxd5 exd5 9. Be2 Nh5 10. dxc5 Nxf4 11. exf4 Bxc5 12. Qxd5 Qxd5 13. Nxd5 Nc6 14. O-O Bb7 15. Bb5 Rac8 16. a3 Rfe8 17. b4 Bf8 18. Ne5 Nxe5 19. Bxe8 Rxe8 20. Nc7 Re7 21. fxe5 Rxe5 22. Rfe1 Rg5 23. g3 f5 24. Ne6 Rg6 25. Rc7 Be4 26. Nxf8 Kxf8 27. Rd1 Ke8 28. Rxa7 Rc6 29. Rxg7 1-0


[Site "https://www.chess.com"]

[Event "Titled Tuesday Blitz June 21 Late 2022"]
[White "Andreikin, Dmitry"]
[Black "Zhigalko, Sergei"]
[WhiteFideId "4158814"]
[BlackFideId "13502956"]
[WhiteElo "2736"]
[BlackElo "2662"]
[Result "1/2-1/2"]
[Round "03"]
[TimeControl "180+1"]
[Date "2022.06.21"]
[WhiteClock "0:02:04"]
[BlackClock "0:02:13"]

1. d4 Nf6 2. c4 e6 3. g3 c5 4. d5 exd5 5. cxd5 d6 6. Nc3 g6 7. Bg2 Bg7 8. Nf3 O-O 9. O-O Re8 10. Nd2 Nbd7 11. a4 a6 12. Nc4 Ne5 13. Nxe5 Rxe5 14. Bf4 Re8 15. Qd2 Rb8 16. a5 b5 17. axb6 Rxb6 18. Ra2 Rb4 19. Re1 Qb6 20. Na4 Qb5 21. Nc3 Qb6 22. Na4 Qb5 23. Nc3 Qb6 1/2-1/2


[Site "https://www.chess.com"]

[Event "Titled Tuesday Blitz June 21 Late 2022"]
[White "Avazkhonov, Alikhon"]
[Black "Domingo Nunez, Ruben"]
[WhiteFideId "14208504"]
[BlackFideId "22245570"]
[WhiteElo "1739"]
[BlackElo "2376"]
[Result "0-1"]
[Round "03"]
[TimeControl "180+1"]
[Date "2022.06.22"]
[WhiteClock "0:00:06"]
[BlackClock "0:00:54"]

1. d4 g6 2. c4 Bg7 3. Nc3 d6 4. e4 Nd7 5. f3 e5 6. Be3 Ne7 7. Nge2 O-O 8. Qd2 a6 9. d5 f5 10. Nc1 Kh8 11. Nd3 Ng8 12. Be2 Bh6 13. Bxh6 Qh4+ 14. g3 Qxh6 15. Qxh6 Nxh6 16. Rc1 a5 17. b3 Nc5 18. Nxc5 dxc5 19. O-O Bd7 20. a4 Rf6 21. Nd1 Raf8 22. Nf2 b6 23. Nd3 Re8 24. Rce1 Kg7 25. Bd1 Nf7 26. Bc2 fxe4 27. fxe4 Bh3 28. Rxf6 Kxf6 29. Bd1 Ke7 30. g4 h5 31. gxh5 gxh5 32. Re3 Ng5 33. Rg3 Rg8 34. Nf2 h4 35. Nxh3 Nxh3+ 36. Kg2 hxg3 37. Kxh3 g2 0-1


[Site "https://www.chess.com"]

[Event "Titled Tuesday Blitz June 21 Late 2022"]
[White "Bachmann, Axel"]
[Black "Vifleemskaia, Svetlana"]
[WhiteFideId "3700488"]
[BlackFideId "4129490"]
[WhiteElo "2587"]
[BlackElo "1929"]
[Result "0-1"]
[Round "03"]
[TimeControl "180+1"]
[Date "2022.06.22"]
[WhiteClock "0:01:28"]
[BlackClock "0:01:45"]

1. e4 e5 2. Nf3 Nc6 3. Bc4 Nf6 4. Ng5 d5 5. exd5 Na5 6. Bb5+ c6 7. dxc6 bxc6 8. Be2 h6 9. Nf3 e4 10. Ng1 Bc5 11. d3 O-O 12. Nc3 Re8 13. a3 Nb7 14. b4 Bd4 15. Bb2 c5 16. Kf1 Bf5 17. Rb1 Nd6 18. bxc5 Bxc5 19. dxe4 Nfxe4 20. Nxe4 Nxe4 21. Qxd8 Raxd8 22. Nh3 Nd2+ 0-1


[Site "https://www.chess.com"]

[Event "Titled Tuesday Blitz June 21 Late 2022"]
[White "Barp, Alberto"]
[Black "Sjugirov, Sanan"]
[WhiteFideId "872555"]
[BlackFideId "4189302"]
[WhiteElo "2229"]
[BlackElo "2602"]
[Result "0-1"]
[Round "03"]
[TimeControl "180+1"]
[Date "2022.06.21"]
[WhiteClock "0:01:06"]
[BlackClock "0:01:34"]

1. e4 c5 2. Nf3 Nc6 3. Nc3 e5 4. Bc4 d6 5. d3 Be7 6. O-O Nf6 7. Ng5 O-O 8. f4 exf4 9. Bxf4 a6 10. a4 h6 11. Nf3 Be6 12. b3 d5 13. exd5 Nxd5 14. Nxd5 Bxd5 15. Qd2 Bf6 16. Rae1 Bxf3 17. Rxf3 Nd4 18. Rg3 b5 19. Bxh6 bxc4 20. Qf4 cxd3 21. Bxg7 Bxg7 22. Rxg7+ Kxg7 23. Qg4+ Kh6 24. Re3 Qg5 0-1


[Site "https://www.chess.com"]

[Event "Titled Tuesday Blitz June 21 Late 2022"]
[White "Bilych, Olexiy"]
[Black "Deac, Bogdan-Daniel"]
[WhiteFideId "14156504"]
[BlackFideId "1226380"]
[WhiteElo "2189"]
[BlackElo "2648"]
[Result "0-1"]
[Round "03"]
[TimeControl "180+1"]
[Date "2022.06.21"]
[WhiteClock "0:00:02"]
[BlackClock "0:00:10"]

1. e4 c5 2. Nf3 d6 3. d4 cxd4 4. Nxd4 Nf6 5. Nc3 a6 6. Be3 e5 7. Nb3 Be6 8. f3 h5 9. Nd5 Bxd5 10. exd5 Nbd7 11. Be2 g6 12. O-O Bg7 13. c4 a5 14. a4 b6 15. Qd2 O-O 16. Kh1 Nc5 17. Nxc5 bxc5 18. Bd1 Rb8 19. b3 e4 20. Bc2 Re8 21. Rae1 exf3 22. gxf3 Rb7 23. Bf2 Rbe7 24. Rxe7 Rxe7 25. Re1 Nd7 26. f4 Bd4 27. Rg1 Bxf2 28. Qxf2 Qe8 29. Bd3 Re3 30. Rg3 Re1+ 31. Kg2 Nf6 32. h3 h4 33. Rg5 Nh5 34. f5 Qe5 35. Qxh4 Nf4+ 36. Kf3 Qe3+ 37. Kg4 Rg1+ 0-1


[Site "https://www.chess.com"]

[Event "Titled Tuesday Blitz June 21 Late 2022"]
[White "Bjelobrk, Igor"]
[Black "Semenenko, Dmytry"]
[WhiteFideId "4300726"]
[BlackFideId "14118645"]
[WhiteElo "2335"]
[BlackElo "2113"]
[Result "1-0"]
[Round "03"]
[TimeControl "180+1"]
[Date "2022.06.22"]
[WhiteClock "0:01:10"]
[BlackClock "0:00:52"]

1. Nf3 d5 2. g3 c6 3. Bg2 Nf6 4. c4 Bf5 5. cxd5 cxd5 6. Qb3 Qc7 7. Nc3 e6 8. d3 Nc6 9. O-O a6 10. Bf4 Qd7 11. Na4 Na5 12. Qd1 Rd8 13. Rc1 Bd6 14. Nb6 Qb5 15. Bxd6 Rxd6 16. Nc8 Rd8 17. Nd4 Qd7 18. Nb6 Qd6 19. Qa4+ Ke7 20. Qxa5 Bg6 21. Qc5 e5 22. Nb3 h5 23. h4 Rb8 24. Qc7+ Ke6 25. Nc5+ Kf5 26. Qxd6 1-0


[Site "https://www.chess.com"]

[Event "Titled Tuesday Blitz June 21 Late 2022"]
[White "Bortnyk, Mykola"]
[Black "Mikhailov, Viacheslav"]
[WhiteFideId "14120836"]
[BlackFideId "4187369"]
[WhiteElo "2582"]
[BlackElo "2381"]
[Result "1-0"]
[Round "03"]
[TimeControl "180+1"]
[Date "2022.06.21"]
[WhiteClock "0:01:10"]
[BlackClock "0:00:07"]

1. e4 d6 2. d4 Nf6 3. Nc3 g6 4. h3 Bg7 5. g4 O-O 6. Bg2 e5 7. Nge2 exd4 8. Nxd4 Nc6 9. Nxc6 bxc6 10. O-O Re8 11. Bf4 Rb8 12. Rb1 Be6 13. Qd2 Nd7 14. Bh6 Bxh6 15. Qxh6 Qf6 16. Qe3 Nb6 17. b3 c5 18. Rbd1 Bd7 19. f4 Bc6 20. e5 Bxg2 21. Kxg2 dxe5 22. Ne4 Qc6 23. f5 Nd5 24. Rxd5 Qxd5 25. Rf3 Qd4 26. Qh6 Rb6 27. f6 1-0


[Site "https://www.chess.com"]

[Event "Titled Tuesday Blitz June 21 Late 2022"]
[White "Bortnyk, Olexandr"]
[Black "Mahdavi, Reza"]
[WhiteFideId "14120828"]
[BlackFideId "12595926"]
[WhiteElo "2723"]
[BlackElo "2265"]
[Result "1-0"]
[Round "03"]
[TimeControl "180+1"]
[Date "2022.06.21"]
[WhiteClock "0:02:55"]
[BlackClock "0:02:43"]

1. d4 Nf6 2. Nc3 d5 3. Bf4 g6 4. e3 Bg7 5. h4 O-O 6. h5 c5 7. dxc5 Nc6 8. Nf3 Bg4 9. h6 Bh8 10. Be2 Bxf3 11. Bxf3 e5 12. Bg5 d4 13. Nd5 Qa5+ 14. b4 Nxb4 15. Ne7# 1-0


[Site "https://www.chess.com"]

[Event "Titled Tuesday Blitz June 21 Late 2022"]
[White "Burke, Paul"]
[Black "Rosenberg, Evan S"]
[WhiteFideId "2605767"]
[BlackFideId "2019299"]
[WhiteElo "2010"]
[BlackElo "2343"]
[Result "0-1"]
[Round "03"]
[TimeControl "180+1"]
[Date "2022.06.22"]
[WhiteClock "0:00:49"]
[BlackClock "0:00:13"]

1. e4 e6 2. d4 d5 3. e5 c5 4. Qg4 cxd4 5. Nf3 Nc6 6. Bd3 Qb6 7. O-O Nh6 8. Qg3 Bd7 9. a3 g6 10. c3 Nf5 11. Bxf5 gxf5 12. cxd4 Nxd4 13. Nxd4 Qxd4 14. Nc3 a6 15. Bf4 h5 16. Rfd1 Qb6 17. b4 h4 18. Qf3 Rc8 19. Rac1 Bc6 20. Qe2 Rg8 21. Be3 d4 22. Bxd4 Rxg2+ 23. Kf1 Qd8 24. Bc5 Qg5 25. Qd3 Bxc5 26. bxc5 Rg1+ 27. Ke2 Qg4+ 28. Kd2 Rxd1+ 29. Rxd1 Rd8 30. Qxd8+ Kxd8 31. Ke3+ Ke7 32. Ne2 Qe4+ 33. Kd2 Bb5 34. Nc3 Qd3+ 0-1


[Site "https://www.chess.com"]

[Event "Titled Tuesday Blitz June 21 Late 2022"]
[White "Cabarkapa, Novak"]
[Black "Keymer, Vincent"]
[WhiteFideId "943746"]
[BlackFideId "12940690"]
[WhiteElo "2433"]
[BlackElo "2548"]
[Result "0-1"]
[Round "03"]
[TimeControl "180+1"]
[Date "2022.06.21"]
[WhiteClock "0:00:07"]
[BlackClock "0:00:06"]

1. d4 c6 2. Nc3 d5 3. Bf4 Nf6 4. e3 Bg4 5. f3 Bh5 6. g4 Bg6 7. h4 h5 8. g5 Nfd7 9. Bd3 Bxd3 10. Qxd3 g6 11. O-O-O e6 12. e4 Bg7 13. Nge2 O-O 14. Ng3 a5 15. Bxb8 Qxb8 16. e5 b5 17. f4 a4 18. Nce2 c5 19. Nxh5 gxh5 20. Ng3 a3 21. Nxh5 axb2+ 22. Kd2 cxd4 23. Nf6+ Bxf6 24. gxf6 Nxf6 25. Qg3+ Kh8 26. exf6 Rg8 27. Qf3 Rg6 28. Rhg1 Qg8 29. Rg5 Qh7 30. h5 Rxf6 31. Rdg1 Rf5 32. Qd3 Rxg5 33. Qxh7+ Kxh7 34. fxg5 Rxa2 35. Rb1 e5 36. Kd3 b4 37. Kd2 e4 38. Ke2 b3 39. cxb3 d3+ 40. Ke3 Kg7 41. Kd4 d2 42. Ke3 Ra1 0-1


[Site "https://www.chess.com"]

[Event "Titled Tuesday Blitz June 21 Late 2022"]
[White "Capp, Stephen"]
[Black "Gubajdullin, Alexei"]
[WhiteFideId "2027089"]
[BlackFideId "4141202"]
[WhiteElo "2120"]
[BlackElo "2280"]
[Result "0-1"]
[Round "03"]
[TimeControl "180+1"]
[Date "2022.06.22"]
[WhiteClock "0:00:13"]
[BlackClock "0:01:26"]

1. e4 g6 2. Nc3 Bg7 3. f4 c5 4. Nf3 Nc6 5. a4 d6 6. Bc4 Nf6 7. d3 O-O 8. h3 e6 9. Bb3 d5 10. e5 Nd7 11. O-O Rb8 12. Ne2 a6 13. c3 b5 14. d4 b4 15. Bc2 bxc3 16. bxc3 cxd4 17. Nexd4 Na5 18. Kh1 Re8 19. Qe1 Nc4 20. Nc6 Qc7 21. Nxb8 Qxb8 22. Qh4 Nc5 23. Rb1 Qa8 24. Ng5 h6 25. Nf3 Ne4 26. Bxe4 dxe4 27. Nd4 e3 28. Re1 Qe4 29. Bb2 Bb7 30. Qg3 Bd5 31. Bc1 Qxb1 32. Bxe3 Qd3 33. Qf2 Qxc3 34. Nf3 Bxf3 35. Qxf3 Qxe1+ 36. Kh2 Nxe3 0-1


[Site "https://www.chess.com"]

[Event "Titled Tuesday Blitz June 21 Late 2022"]
[White "Carrasco Miranda, Andres"]
[Black "Pinheiro, Iung Alicio de O."]
[WhiteFideId "3405990"]
[BlackFideId "2104350"]
[WhiteElo "2177"]
[BlackElo "2283"]
[Result "0-1"]
[Round "03"]
[TimeControl "180+1"]
[Date "2022.06.22"]
[WhiteClock "0:00:02"]
[BlackClock "0:00:17"]

1. d4 d5 2. c4 c6 3. Nf3 Nf6 4. e3 g6 5. Nc3 Bg7 6. Bd3 O-O 7. O-O Bg4 8. h3 Bxf3 9. Qxf3 e6 10. Bd2 a5 11. Rfd1 Nbd7 12. Bf1 Re8 13. Rac1 Nb6 14. b3 h5 15. a4 Qe7 16. e4 dxe4 17. Nxe4 Nxe4 18. Qxe4 Nd7 19. g3 e5 20. dxe5 Nxe5 21. Bg2 Qa3 22. Qc2 Nd7 23. Bc3 Nc5 24. Bxg7 Kxg7 25. Rb1 Qb4 26. h4 Rad8 27. Qb2+ Kg8 28. Qf6 Rxd1+ 29. Rxd1 Qxb3 30. Rd8 Qb1+ 31. Kh2 Qe1 32. g4 Rxd8 33. Qxd8+ Kh7 34. gxh5 Qe5+ 35. Kg1 Qxh5 36. Qxa5 Qe5 37. Qb4 Kg7 38. a5 Nd3 39. Qxb7 Qe1+ 40. Kh2 Qxf2 41. Qxc6 Qxh4+ 42. Kg1 Qd4+ 43. Kh2 Ne5 44. Qd5 Ng4+ 45. Kh1 Qa1+ 0-1


[Site "https://www.chess.com"]